 Dungeon Crawl Stone Soup version 0.28.0-49-g6dfe1f597d (webtiles) character file.

Game seed: 8912288727172535993

6449 Peloso the Protected (level 10, -12/88 HPs)
             Began as a Minotaur Fighter on May 17, 2022.
             Was an Elder of Okawaru.
             Killed from afar by a wretched star (29 damage)
             ... with a lance of force
             ... on level 2 of the Abyss.
             The game lasted 00:21:36 (12725 turns).

Peloso the Protected (Minotaur Fighter)            Turns: 12725, Time: 00:21:37

Health: -12/88     AC: 11    Str: 23    XL:     10   Next: 67%
Magic:  9/9        EV:  8    Int: 12    God:    Okawaru [****..]
Gold:   1016       SH:  6    Dex: 12    Spells: 9/9 levels left

rFire   x . .      SeeInvis .   a - +2 falchion (pain)
rCold   . . .      Faith    .   c - +0 buckler
rNeg    . . .      Spirit   .   u - +0 plate armour
rPois   +          Reflect  .   (helmet restricted)
rElec   +          Harm     .   (no cloak)
rCorr   .          Rampage  .   (no gloves)
Will    .....                   y - +0 pair of boots of Houf {rElec rPois rF- Int+7}
Stlth   ..........              (no amulet)
HPRegen 0.24/turn               (no ring)
MPRegen 0.11/turn               (no ring)

@: no status effects
A: horns 2, retaliatory headbutt, [deformed body], [screaming 2]
a: Renounce Religion, Heroism, Finesse


You were on level 2 of the Abyss.
You worshipped Okawaru.
Okawaru was greatly pleased with you.
You visited 2 branches of the dungeon, and saw 10 of its levels.
You visited the Abyss 1 time.
You also visited: Sewer and Bailey.

You collected 1016 gold pieces.

Inventory:

Hand Weapons
 a - a +2 falchion of pain (weapon)
Missiles
 C - a throwing net (quivered)
Armour
 b - a +0 scale mail
 c - a +0 buckler (worn)
 g - a +0 pair of boots
 u - a +0 plate armour (worn)
 x - a +0 chain mail
 y - the +0 pair of boots of Houf (worn) {rElec rPois rF- Int+7}
   (You found it on level 7 of the Dungeon)

   Int:       It affects your intelligence (+7).
   rF:        It makes you vulnerable to fire.
   rElec:     It insulates you from electricity.
   rPois:     It protects you from poison.
Jewellery
 m - a ring of protection from fire
 t - the ring of Buvvaen {Wiz rPois rF+ rC- rN++ SInv}
   (You found it on level 5 of the Dungeon)

   [ring of wizardry]

   It improves your spell success rate.
   rF:        It protects you from fire.
   rC:        It makes you vulnerable to cold.
   rPois:     It protects you from poison.
   rN:        It greatly protects you from negative energy.
   SInv:      It lets you see invisible.
 w - a ring of willpower
 z - a +4 ring of protection
 B - a +4 ring of protection
Wands
 s - a wand of paralysis (6)
Scrolls
 f - 6 scrolls of fear
 i - 6 scrolls of teleportation
 q - a scroll of summoning
 v - a scroll of blinking
 A - a scroll of identify
Potions
 d - a potion of might
 e - 4 potions of curing
 h - a potion of magic
 j - a potion of degeneration {unknown}
 k - 2 potions of heal wounds
 l - 3 potions of lignification {unknown}
 n - 3 potions of haste {unknown}
 o - 3 potions of mutation {unknown}
 p - 2 potions of resistance {unknown}
 r - 2 potions of flight {unknown}
 D - a potion of attraction {unknown}


   Skills:
 + Level 7.8 Fighting
 + Level 11.1 Long Blades
 + Level 11.3 Armour
 + Level 4.3 Dodging
 + Level 2.8 Stealth
 + Level 7.8 Shields
 + Level 0.6 Invocations
 + Level 1.7 Evocations


You had 9 spell levels left.
You didn't know any spells.
Your spell library contained the following spells:

 Spells                   Type           Power      Damage    Failure   Level
 Shock                    Conj/Air       0%         1d3       99%         1
 Inner Flame              Hex/Fire       0%         N/A       100%        3
 Swiftness                Air            0%         N/A       100%        3
 Airstrike                Air            0%         N/A       100%        4
 Cause Fear               Hex            0%         N/A       100%        4
 Borgnjor's Vile Clutch   Necr/Erth      0%         N/A       100%        5
 Discord                  Hex            0%         N/A       100%        8
 Animate Dead             Necr           Unusable   N/A       N/A         4
 Death Channel            Necr           Unusable   N/A       N/A         6

Dungeon Overview and Level Annotations

Branches:
Dungeon (9/15)             Temple (1/1) D:4           Sewer (visited)
 Bailey (visited)
   Lair: D:8-11         Orc: D:9-12

Altars:
Ashenzari
Cheibriados
Elyvilon
Fedhas
Hepliaklqana
Kikubaaqudgha
Makhleb
Nemelex Xobeh
Okawaru
Qazlal
Ru
Sif Muna
Trog
Uskayaw
Vehumet
Wu Jian
Zin

Shops:
D:2 ?   D:7 (=[

Annotations:
D:9 Erolcha


Innate Abilities, Weirdness & Mutations

You have a pair of horns on your head.
You reflexively headbutt those who attack you in melee.
[Armour fits poorly on your strangely shaped body.]
[You frequently scream uncontrollably at your foes.]


Message History

Erolcha gestures wildly while chanting.
Erolcha flickers and vanishes!
Deactivating autopickup; reactivate with Ctrl-A.
You hit something but do no damage. Something hits you!!
You hit something. You headbutt something. You slash something!
Your headbutt misses something. Something hits you!
You hit something but do no damage. You headbutt something. Something hits you!
You closely miss something. You headbutt something! You hit something.
Something hits you.
You slash something! Something hits you.
You barely miss something. You headbutt something. You closely miss something.
You hear some strange, mumbled words.
You are cast into the Abyss!
This branch contains the abyssal rune of Zot.
Reactivating autopickup.
You feel like a meek peon again.
Magic restored.
A small abomination comes into view.
Found a gateway leading deeper into the Abyss.
Why would you want to do that?
A wretched star comes into view.
The wretched star pulses with an eldritch light!
Your body twists and deforms.
You barely miss the wretched star. You hit the wretched star.
Your headbutt misses the wretched star.
The wretched star is lightly damaged.
You barely miss the wretched star.
You headbutt the wretched star, but do no damage.
The wretched star is lightly damaged.
The wretched star glows turbulently.
The lance of force hits you!!
You are knocked back by the lance of force.
You slam into the rock wall!
* * * LOW HITPOINT WARNING * * *
The wretched star pulses with an eldritch light!
You feel the urge to shout.
You feel a strong urge to scream.
The wretched star glows turbulently.
The lance of force hits you!!
You die...

..# #...≈>§≈≈≈§§#.
#.#
###...≈≈≈≈§≈≈≈.
...#..##§≈≈§≈≈≈≈≈.
#.#... ...#.##.#
..#....#.#.#...#
#*#.##....#..##
#........#.#..#
#.##.#.#.....#.##
.x.##.@..........#
##
#......#....#.##
#..#.#.#...#.##
#..#####... #.#
...# ##.## #.#
.... #..# ## ####
#.## # # #.


You could see a wretched star.

Vanquished Creatures
  3 orc knights (Bailey)
  A cyclops (D:9)
  A troll (D:9)
  Sigmund (D:6)
  2 wyverns
  Eustachio (D:6)
  Menkaure (D:6)
  2 water moccasins (D:7)
  An ice beast (D:7)
  4 sky beasts
  A black bear (D:6)
  An ogre (D:6)
  An orc warrior (Bailey)
  A centaur (D:7)
  4 bullfrogs
  A wyvern zombie (D:6)
  7 kobold brigands (Bailey)
  2 water moccasin skeletons
  9 killer bees
  A howler monkey (D:7)
  8 bullfrog zombies (D:5)
  A centaur zombie (D:5)
  3 hounds
  8 orc priests
  2 jellies
  2 bullfrog skeletons
  A centaur skeleton (D:5)
  A gnoll shaman (D:7)
  A scorpion zombie (D:5)
  Ijyb (D:3)
  3 iguanas
  7 orc wizards
  3 killer bee zombies
  2 hound zombies (D:5)
  3 hound skeletons
  8 gnolls
  2 howler monkey skeletons
  11 adders
  3 river rats (Sewer)
  A white imp (D:6)
  An adder skeleton (D:4)
  2 worms
  5 dart slugs
  18 orcs
  2 endoplasms
  5 giant cockroaches
  12 goblins
  4 hobgoblins
  4 jackals (D:3)
  13 kobolds
  4 quokkas
  21 ball pythons
  5 bats
  5 frilled lizards
  A quokka skeleton (D:4)
  28 rats
246 creatures vanquished.

Vanquished Creatures (others)
  2 plants (D:7)
  A withered plant (D:5)
3 creatures vanquished.

Grand Total: 249 creatures vanquished

Notes
Turn   | Place    | Note
-------+----------+-------------------------------------------
     0 | D:1      | Peloso the Minotaur Fighter began the quest for the Orb.
     0 | D:1      | Reached XP level 1. HP: 19/19 MP: 0/0
   317 | D:1      | Reached XP level 2. HP: 27/27 MP: 1/1
   649 | D:1      | You fall into a shaft and drop 1 floor!
   713 | D:2      | Found a faded altar of an unknown god.
   930 | D:2      | Reached XP level 3. HP: 32/33 MP: 2/2
  1265 | D:2      | Found Caegules's Magic Scroll Shop.
  1965 | D:2      | Reached XP level 4. HP: 39/41 MP: 3/3
  2105 | D:3      | Reached skill level 1 in Dodging
  2216 | D:3      | Reached skill level 5 in Armour
  2216 | D:3      | Reached XP level 5. HP: 37/47 MP: 4/4
  2904 | D:4      | Reached skill level 5 in Fighting
  2904 | D:4      | Reached XP level 6. HP: 39/56 MP: 5/5
  3261 | D:4      | Found a staircase to the Ecumenical Temple.
  3693 | Temple   | Entered the Ecumenical Temple
  3768 | Temple   | Became a worshipper of Warmaster Okawaru
  3957 | D:5      | Entered Level 5 of the Dungeon
  3978 | D:5      | Reached skill level 5 in Long Blades
  3985 | D:5      | Found a glowing drain.
  4020 | Sewer    | Entered a sewer
  4746 | Sewer    | Reached XP level 7. HP: 44/61 MP: 6/6
  4926 | D:5      | Reached skill level 5 in Shields
  5169 | D:5      | Identified the ring of Buvvaen {Wiz rPois rF+ rC- rN++
                  | SInv}
  5229 | D:5      | Reached * piety under Okawaru
  5567 | D:5      | Reached XP level 8. HP: 37/70 MP: 7/7
  6220 | D:3      | Noticed Ijyb
  6252 | D:3      | Killed Ijyb
  6643 | D:6      | Noticed Sigmund
  6647 | D:6      | Killed Sigmund
  6647 | D:6      | Reached ** piety under Okawaru
  6847 | D:6      | Noticed Menkaure
  6855 | D:6      | Killed Menkaure
  6928 | D:6      | Noticed Eustachio
  6941 | D:6      | Killed Eustachio
  7190 | D:6      | Reached XP level 9. HP: 48/78 MP: 8/8
  8049 | D:7      | Found Saracwao's Weapon Shoppe.
  8075 | D:7      | Identified the +0 pair of boots of Houf {rElec rPois rF-
                  | Int+7}
  8272 | D:7      | Found Ygrelitu's Jewellery Shoppe.
  8272 | D:7      | Identified the +2 ring mail "Quaf" {rElec rC- rN++ rCorr}
  8409 | D:7      | Reached *** piety under Okawaru
  8693 | D:7      | Found Noniap's Antique Armour Boutique.
  8810 | D:7      | Found a burning altar of Makhleb.
  9458 | D:8      | Reached skill level 10 in Long Blades
  9673 | D:8      | Reached skill level 10 in Armour
 10557 | D:9      | Found a flagged portal.
 10589 | Bailey   | Entered a bailey
 10649 | Bailey   | Reached XP level 10. HP: 17/86 MP: 6/9
 10939 | Bailey   | Noticed an orc knight
 10979 | Bailey   | Killed an orc knight
 10988 | Bailey   | Noticed an orc knight
 11001 | Bailey   | Noticed an orc knight
 11003 | Bailey   | Killed an orc knight
 11004 | Bailey   | Reached skill level 1 in Stealth
 11004 | Bailey   | Reached skill level 1 in Evocations
 11034 | Bailey   | Killed an orc knight
 11034 | Bailey   | Reached **** piety under Okawaru
 11038 | Bailey   | HP: 4/88 [kobold brigand/+0 war axe (12)]
 11612 | Bailey   | Found a burning altar of Makhleb.
 12143 | D:9      | Noticed a cyclops
 12154 | D:9      | Killed a cyclops
 12659 | D:9      | Noticed Erolcha
 12673 | D:9      | Cast into level 2 of the Abyss (Erolcha)
 12720 | Abyss:2  | Noticed a wretched star
 12725 | Abyss:2  | Killed from afar by a wretched star

Illustrated notes

Levels and vault maps discovered:
D:1:      dpeg_arrival_morbid_curiosity, layout_basic
D:2:      layout_basic, serial_shops, shop, dreamdust_ecumenical_altar_statues,
          minmay_distorted
D:3:      kennysheep_goblin_castle, layout_basic, cheibrodos_gnoll_hut
D:4:      layout_loops_corners, temple_statues
D:5:      layout_rooms, serial_undead, serial_undead_b, serial_undead_b,
          serial_undead_f, serial_undead_d, serial_undead_d, serial_undead_e,
          portal_sewer_entry_f, kennysheep_path_1
D:6:      layout_basic, uniq_menkaure, uniq_eustachio, uniq_sigmund
D:7:      layout_loops_ring, makhleb_heckhound_becter, serial_shops,
          nicolae_shop_competitors_out_of_business, nicolae_shop_crystal, shop,
          kennysheep_boxes
D:8:      layout_basic
D:9:      layout_basic, enter_bailey_2, uniq_erolcha
Temple:   regret_index_temple_sigil_plot
Abyss:2:  base:
Temple

Skill      XL: |  1  2  3  4  5  6  7  8  9 10 |
---------------+-------------------------------+-----
Armour         | 4 5 6 7 8 10 11 | 11.3
Shields        | 4 5 7 |  7.8
Fighting       | 4 5 6 7 |  7.8
Long Blades    | 3 4 5 7 8 10 11 | 11.1
Dodging        | 1 2 3 4 |  4.3
Stealth        | 2 |  2.8
Evocations     | 1 |  1.7
Invocations    | |  0.6

Action                   |  1- 3 |  4- 6 |  7- 9 | 10-12 || total
-------------------------+-------+-------+-------+-------++-------
Melee: Long sword        |    96 |   189 |   344 |       ||   629
       Headbutt          |     9 |    30 |    74 |    28 ||   141
       Falchion          |       |       |    64 |   117 ||   181
Invok: Heroism           |       |       |     4 |     4 ||     8
Evoke: Wand              |       |       |     3 |    16 ||    19
  Use: Scroll            |     2 |       |     6 |     1 ||     9
       Potion            |       |       |       |     2 ||     2
 Stab: Paralysed         |       |       |       |    11 ||    11
       Distracted        |       |       |       |     1 ||     1
Armor: Scale mail        |    55 |   142 |   102 |       ||   299
       Chain mail        |       |       |    99 |    17 ||   116
       Plate armour      |       |       |       |    24 ||    24
Dodge: Dodged            |    47 |   103 |   193 |    41 ||   384
Block: Buckler           |    20 |    80 |   127 |    35 ||   262
